cohdb
Replays
Latest Replays
All Replays
Popular Replays
Top Player Replays
Match Explorer
How It Works
Community
CoH3 Stats
Reddit
Sign in to upload your games and track your stats! →
Sign in with Steam
Match 43885824
Unlisted
Match 43885824
Overview
Messages
Build Orders
End
Construct Infanterie Kompanie
Selects Luftwaffe Battlegroup
Selects Luftwaffe Pioneer Support
Fallschirmpioneer Squad Paradrop
MG 42 Machine Gun Team
MG 42 Machine Gun Team
Grenadier Squad
Selects Stuka Strafing Run
Stuka Strafing Run
Construct Luftwaffe Kompanie
Selects Fallschirmjäger Squad Paradrop
Support Elements
GrW 34 Mortar Team
Fallschirmpioneer Squad Paradrop
MG 42 Bunker
Jäger Squad
Selects LG40 Recoilless Gun Paradrop
LG40 Recoilless Gun Paradrop
Construct Panzer Kompanie
Joraad
SteelJackal
3306703113
Ripper2021
lulu082002
IcedOutCloud9
0
0
Comments
sign in to comment!
No comments posted yet!